Map: Coda LE (Void)

Players

NightEnD - Winner!

  • Race: Protoss Protoss

Bop

  • Race: Protoss Protoss

VOD

Have the link to the VOD?

Description

Time

  • Played on: May 3, 2015, 1:12 a.m.
  • Length: 5:04
Show
View Real Time Build Order
Export as new Build Order

NightEnD Protoss - Winner!

Build Orders: Mass Adepts 

Get SALT Encoding   

  12  0:00  Probe  
  13  0:14  Pylon  
  13  0:18  Probe  
  14  0:32  Probe (Chrono Boost)  
  15  0:37  Gateway  
  15  0:42  Probe (Chrono Boost)  
  16  0:46  Assimilator  
  16  0:49  Probe  
  17  0:54  Assimilator  
  17  1:01  Probe (Chrono Boost)  
  19  1:12  Pylon  
  19  1:13  Probe (Chrono Boost)  
  19  1:19  Probe (Chrono Boost)  
  19  1:25  Cybernetics Core  
  20  1:30  Probe (Chrono Boost)  
  21  1:42  Probe (Chrono Boost)  
  21  1:43  Gateway  
  22  1:50  Probe (Chrono Boost)  
  23  2:02  Warp Gate (Chrono Boost)  
  23  2:03  Mothership Core  
  23  2:04  Adept  
  27  2:10  Pylon  
  27  2:24  Probe  
  28  2:30  Adept  
  28  2:32  Adept  
  32  2:43  Forge  
  32  2:58  Adept  
  34  2:59  Gateway, Adept  
  36  3:06  Gateway  
  36  3:18  Photon Cannon  
  36  3:26  Pylon  
  36  3:40  Pylon  
  36  3:46  Adept  
  36  3:47  Adept  
  40  4:07  Adept x2  
  40  4:08  Adept x2  
  48  4:18  Pylon  
  48  4:28  Probe (Chrono Boost)  
  43  4:40  Probe (Chrono Boost)  
  43  4:46  Probe (Chrono Boost)  
  44  4:56  Adept x3  
  44  4:57  Probe (Chrono Boost)  
  49  5:01  Adept  
Show
View Real Time Build Order
Export as new Build Order

Bop Protoss 

Build Orders: Oracle Opening, Oracle Opening 

Get SALT Encoding   

  12  0:00  Probe  
  13  0:14  Pylon  
  13  0:17  Probe  
  14  0:32  Probe (Chrono Boost)  
  15  0:40  Gateway  
  15  0:42  Probe (Chrono Boost)  
  16  0:49  Probe  
  17  0:52  Assimilator  
  17  0:54  Assimilator  
  17  1:02  Probe (Chrono Boost)  
  18  1:13  Pylon  
  18  1:14  Probe (Chrono Boost)  
  19  1:21  Probe (Chrono Boost)  
  20  1:26  Cybernetics Core  
  20  1:33  Gateway  
  20  1:36  Probe (Chrono Boost)  
  22  1:48  Probe (Chrono Boost)  
  22  1:51  Pylon  
  22  2:07  Adept (Chrono Boost)  
  24  2:14  Stargate, Warp Gate  
  24  2:20  Adept (Chrono Boost)  
  26  2:33  Adept (Chrono Boost)  
  28  2:48  Adept  
  30  2:56  Pylon  
  30  2:59  Oracle (Chrono Boost)  
  33  3:09  Adept  
  35  3:28  Oracle (Chrono Boost)  
  38  3:34  Nexus  
  38  3:43  Adept  
  40  3:55  Adept  
  42  4:06  Mothership Core (Chrono Boost)  
  44  4:10  Adept  
  39  4:45  Stalker  
  39  4:46  Stalker  
Tags
 
Add a new tag
Caveats
  • Supply blocks, unpowered buildings, or Contaminate may cause inaccurate times.
  • Supply counts are checked every 10 seconds.